 Dungeon Crawl Stone Soup version 0.20-a0-151-g755e310 (webtiles) character file.

34 Yakui the Firebug (level 3, -4/24 HPs)
             Began as a Mummy Fire Elementalist on Nov 22, 2016.
             Slain by an adder (5 damage)
             ... on level 2 of the Dungeon.
             The game lasted 00:04:47 (1408 turns).

Yakui the Firebug (Mummy Fire Elementalist)         Turns: 1408, Time: 00:04:48

Health: -4/24      AC:  2    Str: 11    XL:     3   Next: 14%
Magic:  0/6        EV: 12    Int: 15    God:
Gold:   69         SH:  0    Dex: 12    Spells: 2/6 levels left

rFire  x . .     SeeInvis .     (no weapon)
rCold  + . .     Gourm    .     a - +0 robe
rNeg   + + +     Faith    .     (no shield)
rPois  ∞         Spirit   .     (no helmet)
rElec  .         Reflect  .     (no cloak)
rCorr  .         Harm     .     (no gloves)
MR     .....                    (no boots)
Stlth  ++........               (no amulet)
                                (no ring)
                                (no ring)

@: very slightly contaminated
A: no food or potions, fire vulnerability, cold resistance 1, negative energy
resistance 3, torment resistance, unbreathing
a: no special abilities


You were on level 2 of the Dungeon.
You were not hungry.

You visited 1 branch of the dungeon, and saw 2 of its levels.

You collected 69 gold pieces.


Innate Abilities, Weirdness & Mutations

You do not eat or drink.
Your flesh is vulnerable to fire.
You are immune to poison.
Your flesh is cold resistant. (rC+)
You are immune to negative energy. (rN+++)
You are immune to unholy pain and torment.
You can survive without breathing.


   Skills:
 - Level 1.5 Dodging
 - Level 1.5 Stealth
 - Level 2.0 Spellcasting
 + Level 1.8 Conjurations
 + Level 3.0 Fire Magic


You had 2 spell levels left.
You knew the following spells:

 Your Spells              Type           Power        Failure   Level  Hunger
z - Flame Tongue          Conj/Fire      #....        12%         1    N/A
Z - Conjure Flame         Conj/Fire      #.......     30%         3    N/A

Inventory:

Armour
 a - a +0 robe (worn)
Scrolls
 c - a scroll of teleportation {unknown}
 d - 2 scrolls of fear {unknown}
 e - a scroll of fog {unknown}
 f - a scroll of random uselessness {unknown}
Books
 b - a book of Flames

   Spells                             Type                      Level
   a - Flame Tongue                   Conjuration/Fire             1
   b - Throw Flame                    Conjuration/Fire             2
   c - Conjure Flame                  Conjuration/Fire             3
   d - Inner Flame                    Hexes/Fire                   3
   e - Sticky Flame                   Conjuration/Fire             4
   f - Fireball                       Conjuration/Fire             5

Dungeon Overview and Level Annotations

Branches:
Dungeon (2/15)

Altars:

▒▒▒ ▒ ... .. ▒. ▒.▒
.▒▒ .▒▒▒ ▒.▒ .... ▒
... ▒.▒ .)...
▒▒.▒▒▒.▒▒.▒▒.....
........▒M▒....▒▒
..>.....†S.......
.▒▒▒▒▒.▒.▒.▒▒▒▒▒
▒.▒.▒.▒ ▒▒▒▒▒.▒.▒ ▒ ▒
...▒.▒.▒
▒..▒▒▒.▒.▒.▒▒▒▒▒▒▒▒▒
▒.......▒.........▒
▒▒▒▒▒▒▒.▒▒▒▒▒▒▒▒▒▒▒.▒


You could see an adder.


Message History

You miscast Flame Tongue.
Nothing appears to happen.
The adder bites you.
* * * LOW HITPOINT WARNING * * *
The adder closely misses you.
You hit the adder but do no damage.
The adder is moderately wounded.
The adder bites you.
* * * LOW HITPOINT WARNING * * *
You hit the adder but do no damage.
The adder is moderately wounded.
The adder bites you.
* * * LOW HITPOINT WARNING * * *
You miss the adder.
The adder is moderately wounded.
The adder bites you.
* * * LOW HITPOINT WARNING * * *
You closely miss the adder.
The adder is moderately wounded.
The adder misses you. The adder bites you.
* * * LOW HITPOINT WARNING * * *
You barely miss the adder.
The adder is moderately wounded.
The adder bites you.
* * * LOW HITPOINT WARNING * * *
Casting: Flame Tongue
Confirm with . or Enter, or press ? or * to list all spells.
Aiming: Flame Tongue
Press: ? - help, Shift-Dir - straight line, f/p - adder
Aim: an adder (moderately wounded)
The flame tongue misses the adder.
The adder misses you. The adder bites you.
You die...

Action                   || total
-------------------------++-------
Melee: Unarmed           ||    53
 Cast: Flame Tongue      ||    40
 Stab: Sleeping          ||     1
Armor: Robe              ||    21
Dodge: Dodged            ||    50

Vault maps used:
D:1:      nicolae_arrival_somewhat_less_tricky_arrival, minmay_misc_feat_tower
D:2:      first_bread

Notes
Turn   | Place    | Note
-------+----------+-------------------------------------------
     0 | D:1      | Yakui the Mummy Fire Elementalist began the quest for the Orb.
     0 | D:1      | Reached XP level 1. HP: 13/13 MP: 3/3
    25 | D:1      | Reached skill level 1 in Conjurations
   251 | D:1      | Reached XP level 2. HP: 16/19 MP: 5/5
  1145 | D:2      | Reached XP level 3. HP: 12/24 MP: 0/6
  1314 | D:2      | Reached skill level 3 in Fire Magic
  1353 | D:2      | Learned a level 3 spell: Conjure Flame
  1406 | D:2      | HP: 1/24 [adder (3)]
  1408 | D:2      | Slain by an adder

Vanquished Creatures
  A worm (D:2)
  3 leopard geckos (D:1)
  7 bats
  2 giant cockroaches
  2 hobgoblins
  A ball python (D:1)
  2 frilled lizards (D:1)
  4 goblins (D:1)
  3 kobolds (D:1)
  3 rats (D:1)
28 creatures vanquished.
